 Dungeon Crawl Stone Soup version 0.18-a0-1468-gaf180a1 (webtiles) character file.

133 Motkumaster the Grave Robber (level 5, -11/31 HPs)
             Began as a Gargoyle Necromancer on Mar 1, 2016.
             Killed from afar by MordorOrchid's ghost (22 damage)
             ... with a stone arrow
             ... on level 3 of the Dungeon.
             The game lasted 00:13:37 (3984 turns).

Motkumaster the Grave Robber (Gargoyle Necromancer) Turns: 3984, Time: 00:13:37

Health: -11/31     AC:  7    Str: 12    XL:     5   Next: 16%
Magic:  8/8        EV: 11    Int: 16    God:
Gold:   182        SH:  0    Dex: 10    Spells: 4 memorised, 0 levels left

rFire  . . .     SeeInvis .     d - +1 whip
rCold  . . .     Gourm    .     k - +0 leather armour
rNeg   + . .     Faith    .     (no shield)
rPois  ∞         Spirit   .     (no helmet)
rElec  +         Dismiss  .     (no cloak)
rCorr  .         Reflect  .     (no gloves)
SustAt .         Harm     .     (no boots)
MR     .....                    q - amulet of inaccuracy (curse)
Stlth  ++........               (no ring)
                                (no ring)

@: not resistant to hostile enchantments, unstealthy
A: negative energy resistance 1, electricity resistance, unbreathing,
petrification resistance, rot immunity, AC +4
a: no special abilities


You were on level 3 of the Dungeon.
You were not hungry.

You visited 1 branch of the dungeon, and saw 3 of its levels.

You collected 182 gold pieces.

Inventory:

Hand Weapons
 d - a +1 whip (weapon)
Missiles
 o - 3 stones (quivered)
Armour
 k - a +0 leather armour (worn)
 l - a +0 ring mail
 p - a +0 plate armour
Jewellery
 q - a cursed amulet of inaccuracy (around neck)
Wands
 g - a wand of enslavement (8/24)
Scrolls
 f - a scroll of amnesia
Potions
 e - a potion of might {unknown}
 i - 3 potions of heal wounds {unknown}
Books
 b - a book of Necromancy

   Spells                             Type                      Level
   a - Pain                           Necromancy                   1
   b - Animate Skeleton               Necromancy                   1
   c - Vampiric Draining              Necromancy                   3
   d - Regeneration                   Charms/Necromancy            3
   e - Animate Dead                   Necromancy                   4
   f - Control Undead                 Necromancy                   4
Comestibles
 a - a royal jelly
 c - 2 bread rations
 j - 3 beef jerkies
 n - a chunk of flesh


   Skills:
 + Level 2.3 Fighting
 * Level 3.4 Maces & Flails
 - Level 1.5 Dodging
 - Level 2.1 Stealth
 - Level 2.2 Spellcasting
 - Level 3.4 Necromancy


You couldn't memorise any spells.
You knew the following spells:

 Your Spells              Type           Power        Failure   Level  Hunger
a - Pain                  Necr           ##..         8%          1    #......
b - Vampiric Draining     Necr           ##........   21%         3    ###....
c - Animate Skeleton      Necr           N/A          8%          1    #......
d - Regeneration          Chrm/Necr      #.........   41%         3    ###....


Dungeon Overview and Level Annotations

Branches:
Dungeon (3/15)

Altars:

Annotations:
D:2 Jessica
D:3 MordorOrchid's ghost, amateur DEEE


Innate Abilities, Weirdness & Mutations

You are resistant to torment.
Your stone body is resilient (AC +4).
You are immune to poison.
You resist negative energy.
You are resistant to electric shocks.
You can survive without breathing.
You are immune to petrification.
You are immune to rotting.


Message History

The worm convulses in agony!
Your adder skeleton bites the worm.
Your rat skeleton bites the worm.
MordorOrchid's ghost says, "Watch and be amazed!"
Your rat skeleton barely misses the worm.
Your adder skeleton bites the worm.
Your rat skeleton bites the worm but does no damage.
The worm bites you.
Your adder skeleton bites the worm.
Your adder skeleton bites the worm but does no damage.
Your rat skeleton barely misses the worm.
Your adder skeleton bites the worm.
Your adder skeleton completely misses the worm.
Your rat skeleton bites the worm.
Some of the chunks of flesh in your inventory have rotted away.
The worm completely misses your rat skeleton.
Your rat skeleton bites the worm.
You feel a bit more experienced.
MordorOrchid's ghost casts a spell at you.
The stone arrow hits you!
Ouch! That really hurt!
You die...

*,,,,,,,,,,******,* *,**********
*,* *,* ***** *,* ******,** *,,,*
*,# ,,,**,,,***,*,* *.#
***,,,,,,**,*,* *#.#*
***,,,,,,,*,*,* ##...####
*,,,,,,,,,,,#.######.#*#.#.##
*,*,,,,,,,**#...@..W.# #....##
,,,,,,,,,** ########.###.....## *
,,,*,,,,,******** ##.........# *
*,**>,,,,,,,,,.,* ##.w......# *
*,*#............###*#..ZZ.....# *
#.##.....##..(.....#.#...>....##*
#.##.....##.##..##..###........#*
#.#*#....##.##..####....##.......
#.# #.....#.##..###.W....###....#


You could see MordorOrchid's ghost.

Vanquished Creatures
  4 adders
  2 gnolls
  An ooze (D:2)
  3 worms (D:2)
  2 dart slugs
  2 giant geckos
  4 giant cockroaches
  5 goblins
  3 hobgoblins (D:1)
  7 jackals
  2 quokkas
  A ball python (D:1)
  7 bats
  3 giant newts
  7 kobolds
  7 rats
60 creatures vanquished.

Vanquished Creatures (collateral kills)
  A worm (D:3)
1 creature vanquished.

Grand Total: 61 creatures vanquished

Notes
Turn   | Place    | Note
--------------------------------------------------------------
     0 | D:1      | Motkumaster the Gargoyle Necromancer began the quest for the Orb.
     0 | D:1      | Reached XP level 1. HP: 10/10 MP: 3/3
   138 | D:1      | Reached XP level 2. HP: 5/16 MP: 0/5
   992 | D:1      | Reached skill level 1 in Maces & Flails
  1082 | D:1      | Reached XP level 3. HP: 20/20 MP: 6/6
  1155 | D:1      | Reached skill level 1 in Fighting
  1713 | D:2      | Reached XP level 4. HP: 21/25 MP: 2/7
  3356 | D:2      | Noticed Jessica
  3529 | D:1      | Learned a level 3 spell: Vampiric Draining
  3531 | D:1      | Learned a level 1 spell: Animate Skeleton
  3563 | D:2      | Reached XP level 5. HP: 30/30 MP: 8/8
  3775 | D:3      | Noticed MordorOrchid's ghost (amateur DEEE)
  3852 | D:3      | Learned a level 3 spell: Regeneration
  3984 | D:3      | Killed from afar by MordorOrchid's ghost

Vault maps used:
D:1:      minmay_arrival_glassed_features
D:2:      uniq_jessica
D:3:      first_bread

Skill      XL: |  1  2  3  4 |
---------------+-------------+-----
Maces & Flails | 1 2 3 |  3.4
Fighting       | 1 2 |  2.3
Dodging        | |  1.5
Stealth        | |  2.1
Spellcasting   | |  2.2
Necromancy     | |  3.4

Action                   |  1- 3 |  4- 6 || total
-------------------------+-------+-------++-------
Melee: Whip              |   142 |   233 ||   375
Throw: Stone             |     2 |       ||     2
 Cast: Pain              |    14 |     2 ||    16
       Animate Skeleton  |       |     2 ||     2
  Use: Scroll            |       |     5 ||     5
  Eat: Chunk             |     2 |     6 ||     8
       Fruit             |     1 |       ||     1
       Pizza             |       |     1 ||     1
